[Event "Titled Tuesday Blitz July 25 Late 2023"]
[White "kiwibobo"]
[Black "Liu, Casper"]
[BlackFideId "1454153"]
[WhiteElo "2329"]
[BlackElo "2470"]
[Result "1-0"]
[Round "5"]
[TimeControl "180+2"]
[Date "2023.07.25"]
[WhiteClock "0:02:11"]
[BlackClock "0:01:01"]
[Board "164"]

1. e4 c5 2. Nf3 d6 3. d4 Nf6 4. Nc3 cxd4 5. Nxd4 Nc6 6. Be2 e5 7. Nf3 Be7 8. Bg5 O-O 9. Bxf6 Bxf6 10. O-O Be6 11. Nd5 Rc8 12. c3 Bxd5 13. Qxd5 Qc7 14. Rfd1 Rfd8 15. Nd2 Ne7 16. Qb3 d5 17. exd5 Nxd5 18. Ne4 Qc6 19. Bf3 Be7 20. Ng3 1-0


[Site "https://www.chess.com"]

[Event "Titled Tuesday Blitz July 25 Late 2023"]
[White "Yeritsyan, Hayk"]
[Black "Chemin, Justo Reinaldo"]
[WhiteFideId "13307320"]
[BlackFideId "2101580"]
[WhiteElo "2461"]
[BlackElo "2251"]
[Result "1-0"]
[Round "5"]
[TimeControl "180+2"]
[Date "2023.07.25"]
[WhiteClock "0:02:37"]
[BlackClock "0:01:30"]
[Board "165"]

1. d4 e6 2. Nf3 d5 3. e3 c5 4. Bd3 Nc6 5. c3 Nf6 6. Nbd2 Bd6 7. Qe2 O-O 8. O-O b6 9. e4 dxe4 10. Nxe4 Bb7 11. Nxf6+ Qxf6 12. dxc5 bxc5 13. Bg5 Ne5 14. Bxf6 Nxf3+ 15. gxf3 gxf6 16. Be4 1-0


[Site "https://www.chess.com"]

[Event "Titled Tuesday Blitz July 25 Late 2023"]
[White "Bazilius, Augustinas"]
[Black "Floresvillar Gonzalez, Luis Migu"]
[WhiteFideId "12832251"]
[BlackFideId "5100542"]
[WhiteElo "2382"]
[BlackElo "2102"]
[Result "1-0"]
[Round "5"]
[TimeControl "180+2"]
[Date "2023.07.25"]
[WhiteClock "0:00:03"]
[BlackClock "0:00:00"]
[Board "166"]

1. d4 d5 2. c4 c6 3. Nf3 Nf6 4. g3 Bg4 5. Bg2 e6 6. h3 Bxf3 7. Bxf3 Nbd7 8. O-O Bd6 9. Qc2 O-O 10. b3 Rc8 11. Nc3 Re8 12. e4 dxe4 13. Nxe4 Nxe4 14. Bxe4 Nf6 15. Bg2 e5 16. Bb2 Qc7 17. c5 Bf8 18. dxe5 Nd7 19. Be4 h6 20. Bf5 Rcd8 21. Bxd7 Qxd7 22. Kh2 Qd5 23. b4 a5 24. a3 axb4 25. axb4 Qd2 26. Qxd2 Rxd2 27. Bc3 Rc2 28. Rac1 Ra2 29. Kg2 g5 30. Ra1 Rc2 31. Rfc1 Rxc1 32. Rxc1 Bg7 33. Rd1 Re7 34. f4 Kh7 35. Rd8 Kg6 36. Kf3 h5 37. Rg8 Kh7 38. Rd8 gxf4 39. gxf4 Kg6 40. Rg8 Kh7 41. Rd8 Kg6 42. Rd6+ Kf5 43. Rd1 Bh6 44. Rd4 f6 45. exf6 Kxf6 46. Rd6+ Kf5 47. Rxh6 Re6 48. Rxe6 Kxe6 49. Ke4 1-0


[Site "https://www.chess.com"]

[Event "Titled Tuesday Blitz July 25 Late 2023"]
[White "Estrada Nieto, Julian"]
[Black "Hartikainen, Jarmo"]
[WhiteFideId "5101018"]
[BlackFideId "503134"]
[WhiteElo "2465"]
[BlackElo "2079"]
[Result "1-0"]
[Round "5"]
[TimeControl "180+2"]
[Date "2023.07.25"]
[WhiteClock "0:00:49"]
[BlackClock "0:00:01"]
[Board "167"]

1. e4 c5 2. Nf3 Nc6 3. Bb5 e6 4. O-O Nge7 5. Re1 a6 6. Bxc6 Nxc6 7. d4 cxd4 8. Nxd4 d6 9. Nc3 Be7 10. Nxc6 bxc6 11. Qg4 Bf6 12. e5 Bxe5 13. Rxe5 dxe5 14. Qxg7 Rf8 15. Bh6 Qe7 16. Ne4 f5 17. Qxe7+ Kxe7 18. Bxf8+ Kxf8 19. Nc5 Ke7 20. Rd1 Rb8 21. b3 Rb5 22. Nd3 Rd5 23. f3 a5 24. Kf2 Ba6 25. c4 Rd4 26. Ke2 Kf6 27. Nc5 Bc8 28. g3 h5 29. Rxd4 exd4 30. f4 e5 31. fxe5+ Kxe5 32. Kf3 h4 33. gxh4 f4 34. Nd3+ Kf5 35. Nxf4 Bd7 36. h5 c5 37. Nd3 Bc6+ 38. Kf2 Kg5 39. Nxc5 Kxh5 40. Ne6 d3 41. Ke3 Kh4 42. Kxd3 Kh3 43. Nd4 Bd7 44. Ke4 Kxh2 45. Kd5 Kg3 46. c5 Kf2 47. c6 Bc8 48. Kc5 Ke3 49. Nb5 Kd3 50. Kb6 Kc2 51. Kxa5 Kb2 52. Nd4 Kxa2 53. b4 Ka3 54. b5 1-0


[Site "https://www.chess.com"]

[Event "Titled Tuesday Blitz July 25 Late 2023"]
[White "Quirke, Jeffrey"]
[Black "The_Straightforward_Rook"]
[WhiteFideId "2013029"]
[WhiteElo "2186"]
[BlackElo "2395"]
[Result "0-1"]
[Round "5"]
[TimeControl "180+2"]
[Date "2023.07.25"]
[WhiteClock "0:00:02"]
[BlackClock "0:01:14"]
[Board "168"]

1. c4 e5 2. g3 Nf6 3. Bg2 c6 4. d4 e4 5. Nc3 d5 6. f3 exf3 7. Nxf3 Be7 8. O-O O-O 9. Re1 h6 10. e4 dxe4 11. Nxe4 Nxe4 12. Rxe4 Bf5 13. Re1 Bf6 14. Be3 Na6 15. Qb3 Qd7 16. Rad1 Rfe8 17. d5 c5 18. Bf4 b6 19. Ne5 Bxe5 20. Bxe5 Nb4 21. a3 Bc2 22. Qc3 Bxd1 23. Rxd1 Na2 24. Qe3 f6 25. Qb3 Rxe5 26. Qxa2 Rae8 27. b4 Qd6 28. Qd2 Re2 29. Qc3 R8e3 30. Qc1 Qe5 31. bxc5 Re1+ 32. Bf1 bxc5 33. Rxe1 Rxe1 34. Qf4 Qxf4 35. gxf4 Kf7 36. Kf2 Rd1 37. Ke2 Rd4 38. Ke3 Ke7 39. h4 g5 40. fxg5 fxg5 41. hxg5 hxg5 42. Be2 g4 43. Bf1 Kd6 44. Bg2 Ke5 0-1


[Site "https://www.chess.com"]

[Event "Titled Tuesday Blitz July 25 Late 2023"]
[White "Oliveira, Tiago Batista"]
[Black "Brahami, Lamine"]
[WhiteFideId "2108291"]
[BlackFideId "7905637"]
[WhiteElo "2149"]
[BlackElo "2379"]
[Result "1-0"]
[Round "5"]
[TimeControl "180+2"]
[Date "2023.07.25"]
[WhiteClock "0:01:36"]
[BlackClock "0:00:00"]
[Board "170"]

1. d4 Nf6 2. c4 g6 3. Nc3 Bg7 4. e4 d6 5. Nf3 O-O 6. Be2 Bd7 7. O-O a6 8. Qc2 c5 9. Rd1 cxd4 10. Nxd4 Nc6 11. Nxc6 bxc6 12. e5 1-0


[Site "https://www.chess.com"]

[Event "Titled Tuesday Blitz July 25 Late 2023"]
[White "Silvestre, Christian"]
[Black "Zhou, Qiyu"]
[WhiteFideId "30956269"]
[BlackFideId "505161"]
[WhiteElo "2109"]
[BlackElo "2331"]
[Result "0-1"]
[Round "5"]
[TimeControl "180+2"]
[Date "2023.07.25"]
[WhiteClock "0:00:09"]
[BlackClock "0:01:59"]
[Board "171"]

1. e4 e5 2. Nc3 Nc6 3. Bb5 Nf6 4. d3 a6 5. Ba4 Bc5 6. Be3 Nd4 7. Nge2 O-O 8. h3 c6 9. O-O d5 10. Kh1 Be6 11. Bb3 Nxb3 12. axb3 d4 13. Na4 Ba7 14. Bg5 b5 15. Bxf6 Qxf6 16. f4 bxa4 17. f5 Bd7 18. g4 Qh4 19. Kg2 axb3 20. cxb3 Bc5 21. Ng3 f6 22. Nh5 Be8 23. Ng3 Bb4 24. Qc2 c5 25. Qc4+ Bf7 26. Qc2 Qg5 27. Rh1 Qd2+ 28. Qxd2 Bxd2 29. h4 Bxb3 0-1


[Site "https://www.chess.com"]

[Event "Titled Tuesday Blitz July 25 Late 2023"]
[White "Gyulamiryan-koryun"]
[Black "arturdailima"]
[WhiteElo "2051"]
[BlackElo "2331"]
[Result "0-1"]
[Round "5"]
[TimeControl "180+2"]
[Date "2023.07.25"]
[WhiteClock "0:00:12"]
[BlackClock "0:00:42"]
[Board "172"]

1. e4 g6 2. d4 Bg7 3. f4 d6 4. Nf3 a6 5. c3 b5 6. a4 bxa4 7. Rxa4 Bd7 8. Ra1 e6 9. Bd3 Ne7 10. O-O O-O 11. Na3 c5 12. Nc2 Qc7 13. Be3 h5 14. Qe2 a5 15. Na3 cxd4 16. Bxd4 Nbc6 17. Bxg7 Kxg7 18. Nb5 Qb8 19. c4 Nb4 20. Bb1 d5 21. exd5 Bxb5 22. cxb5 Nexd5 23. Qe5+ Qxe5 24. Nxe5 Rfb8 25. Rc1 Rxb5 26. Bd3 Nxd3 27. Nxd3 a4 28. Rc2 Nb4 29. Nxb4 Rxb4 30. g3 Rab8 31. Ra2 Kf6 32. Kf2 Ra8 33. Ke2 Rb3 34. Rc4 Rab8 35. Rc2 R8b4 36. Kd2 Kf5 37. Kc1 Kg4 38. Rc7 Kh3 39. Rxf7 Kxh2 40. Rf6 Rxg3 41. Rxe6 Rxf4 42. Re2+ Rg2 43. Kd2 Rxe2+ 44. Kxe2 Kg2 45. Ke3 Rb4 46. Kd3 h4 47. Kc3 Rf4 48. b4+ Kg3 49. Rxa4 h3 50. Ra6 h2 51. Rxg6+ Rg4 52. Rh6 Rh4 53. Rg6+ Kh3 54. b5 h1=Q 55. b6 Qa1+ 56. Kb3 Qb1+ 57. Kc3 Qxg6 58. b7 Qb6 59. b8=Q Qxb8 0-1


[Site "https://www.chess.com"]

[Event "Titled Tuesday Blitz July 25 Late 2023"]
[White "Biliy, Vadim"]
[Black "Bongo Akanga Ndjila, Barthelemy"]
[WhiteFideId "14114127"]
[BlackFideId "10609431"]
[WhiteElo "2302"]
[BlackElo "2050"]
[Result "0-1"]
[Round "5"]
[TimeControl "180+2"]
[Date "2023.07.25"]
[WhiteClock "0:01:21"]
[BlackClock "0:01:25"]
[Board "173"]

1. d4 d5 2. Nf3 Nf6 3. e3 e6 4. c4 Bd6 5. Nc3 O-O 6. Be2 c6 7. O-O Nbd7 8. b3 e5 9. dxe5 Nxe5 10. cxd5 Nxf3+ 11. Bxf3 Be5 12. Bb2 cxd5 13. Na4 Bxb2 14. Nxb2 Be6 15. Nd3 Ne4 16. Nf4 Rc8 17. Nxe6 fxe6 18. Bxe4 dxe4 19. Qg4 Qd5 20. Rad1 Qe5 21. Rd4 Qf5 22. Qxe4 Qxf2+ 0-1


[Site "https://www.chess.com"]

[Event "Titled Tuesday Blitz July 25 Late 2023"]
[White "dorpato"]
[Black "rionelG"]
[WhiteElo "2026"]
[BlackElo "2296"]
[Result "0-1"]
[Round "5"]
[TimeControl "180+2"]
[Date "2023.07.25"]
[WhiteClock "0:00:10"]
[BlackClock "0:01:20"]
[Board "174"]

1. e4 c5 2. Nc3 d6 3. g3 Nc6 4. Bg2 g6 5. d3 Bg7 6. Be3 e5 7. Qd2 Nge7 8. Bh6 O-O 9. Bxg7 Kxg7 10. h4 h6 11. O-O-O Be6 12. f4 f6 13. Nf3 Nd4 14. h5 Nxf3 15. Bxf3 g5 16. f5 Bf7 17. Kb1 Rb8 18. Ne2 b5 19. c3 b4 20. c4 a5 21. Nc1 a4 22. Ne2 Nc6 23. Bg2 Qa5 24. Qc2 b3 25. Qc3 bxa2+ 26. Kxa2 Nb4+ 27. Ka1 Ra8 28. Nc1 Rfb8 29. Na2 a3 30. bxa3 Qxa3 31. Qxa3 Rxa3 32. Rd2 Rba8 0-1


[Site "https://www.chess.com"]

[Event "Titled Tuesday Blitz July 25 Late 2023"]
[White "Sainz Aguirre, Ignacio"]
[Black "disciplinedbrat"]
[WhiteFideId "5101727"]
[WhiteElo "1963"]
[BlackElo "2269"]
[Result "0-1"]
[Round "5"]
[TimeControl "180+2"]
[Date "2023.07.25"]
[WhiteClock "0:01:44"]
[BlackClock "0:02:26"]
[Board "175"]

1. e4 a6 2. d4 b6 3. Bd3 h6 4. Nf3 g6 5. O-O d6 6. Qe2 Bg7 7. c3 e6 8. Be3 Ne7 9. Nbd2 O-O 10. h4 Bb7 11. h5 Nd7 12. hxg6 Nxg6 13. Rad1 Qe7 14. g3 f5 15. exf5 exf5 16. Nc4 Rae8 17. Qd2 Bxf3 0-1


[Site "https://www.chess.com"]

[Event "Titled Tuesday Blitz July 25 Late 2023"]
[White "Vafin, Ayrat"]
[Black "Navyblue1"]
[WhiteFideId "4146530"]
[WhiteElo "2255"]
[BlackElo "1944"]
[Result "0-1"]
[Round "5"]
[TimeControl "180+2"]
[Date "2023.07.25"]
[WhiteClock "0:00:00"]
[BlackClock "0:00:13"]
[Board "176"]

1. d4 Nf6 2. Bf4 c5 3. e3 Qb6 4. Nc3 d6 5. dxc5 Qxc5 6. Nf3 Bg4 7. Be2 a6 8. h3 Bh5 9. O-O e6 10. Bh2 Be7 11. Nd4 Bxe2 12. Qxe2 O-O 13. Nb3 Qc6 14. Rad1 Nbd7 15. Na5 Qb6 16. Nc4 Qb4 17. a3 Qc5 18. b4 Qc6 19. Bxd6 Bxd6 20. Rxd6 Qc7 21. Rfd1 b5 22. Na5 Qxc3 23. R1d3 Qa1+ 24. Kh2 Ne5 25. R3d4 Qxa3 0-1


[Site "https://www.chess.com"]

[Event "Titled Tuesday Blitz July 25 Late 2023"]
[White "Lutz, Igor Oscar"]
[Black "Mendez Machado, Andre"]
[WhiteFideId "2110806"]
[BlackFideId "6603793"]
[WhiteElo "1935"]
[BlackElo "2246"]
[Result "0-1"]
[Round "5"]
[TimeControl "180+2"]
[Date "2023.07.25"]
[WhiteClock "0:00:18"]
[BlackClock "0:00:16"]
[Board "177"]

1. d4 Nf6 2. c4 e6 3. g3 d5 4. Nf3 Be7 5. Bg2 O-O 6. O-O dxc4 7. Qa4 a6 8. Qxc4 b5 9. Qc2 Bb7 10. Rd1 Be4 11. Qd2 Nbd7 12. Nc3 Bb7 13. Qe1 b4 14. Na4 Ne4 15. Ne5 Nxe5 16. dxe5 Qe8 17. b3 f5 18. exf6 Bxf6 19. Bb2 Bxb2 20. Nxb2 Rb8 21. f3 Nc3 22. Rd3 a5 23. Nc4 Ba6 24. e4 Qc6 25. Kh1 Bxc4 26. bxc4 Qxc4 27. Rd7 Rbd8 28. Qd2 Rxd7 29. Qxd7 a4 30. Bh3 Kh8 31. Bxe6 Qe2 32. Qe7 Qxf3+ 33. Kg1 Ne2# 0-1


[Site "https://www.chess.com"]

[Event "Titled Tuesday Blitz July 25 Late 2023"]
[White "Munoz Misselis, Nelson Carlos"]
[Black "Prohorov, Olexandr"]
[WhiteFideId "6601790"]
[BlackFideId "14105578"]
[WhiteElo "1754"]
[BlackElo "2198"]
[Result "0-1"]
[Round "5"]
[TimeControl "180+2"]
[Date "2023.07.25"]
[WhiteClock "0:00:16"]
[BlackClock "0:01:06"]
[Board "178"]

1. d4 c5 2. d5 f5 3. c4 g6 4. Nc3 Bg7 5. e3 Bxc3+ 6. bxc3 Qa5 7. Qc2 d6 8. Nf3 Nf6 9. Bd3 Nbd7 10. O-O Nb6 11. Re1 Bd7 12. e4 fxe4 13. Bxe4 O-O-O 14. Bd3 Ba4 15. Qe2 Qxc3 16. Bd2 Qa3 17. Reb1 Rde8 18. Bc1 Qc3 19. Bb2 Qa5 20. Ng5 Bd7 21. Ne6 Rhg8 22. Rc1 Bxe6 23. dxe6 Nh5 24. g3 Rgf8 25. Bc3 Qa4 26. f4 Kb8 27. Rcb1 Ka8 28. Rb5 d5 29. cxd5 c4 30. Bc2 Qxb5 31. Rb1 Qc5+ 32. Kg2 Rxf4 33. Qxh5 Rf2+ 34. Kh3 gxh5 0-1


[Site "https://www.chess.com"]

[Event "Titled Tuesday Blitz July 25 Late 2023"]
[White "Martinez Alcantara, Jose Eduardo"]
[Black "Vachier-Lagrave, Maxime"]
[WhiteFideId "3805662"]
[BlackFideId "623539"]
[WhiteElo "3007"]
[BlackElo "3160"]
[Result "0-1"]
[Round "6"]
[TimeControl "180+2"]
[Date "2023.07.25"]
[WhiteClock "0:00:00"]
[BlackClock "0:00:07"]
[Board "1"]

1. e4 c6 2. d4 d5 3. e5 Bf5 4. h4 h5 5. Bd3 Bxd3 6. Qxd3 e6 7. Nf3 Qa5+ 8. Nc3 Qa6 9. Qd1 Ne7 10. Ne2 Nd7 11. O-O c5 12. c3 Rc8 13. Ng3 g6 14. Bg5 Nc6 15. Qd2 Bg7 16. Rfe1 Kf8 17. Ne2 Kg8 18. Nf4 cxd4 19. cxd4 Kh7 20. b3 Rhe8 21. Rad1 Ne7 22. g4 hxg4 23. Nh2 Nf5 24. Nxg4 Rh8 25. Rc1 Rc6 26. h5 gxh5 27. Nxh5 Qb6 28. Rcd1 Kg8 29. Nxg7 Kxg7 30. Kg2 Kf8 31. Rh1 Rg8 32. f4 Ke8 33. Kf3 Qc7 34. Rc1 Nxd4+ 35. Kf2 Qb6 36. Kg2 Nf5 37. Rxc6 bxc6 38. Rc1 Rh8 39. Qc3 c5 40. Qf3 Kf8 41. Qd3 Qa5 42. Qe2 Qb4 43. Nf2 Qd4 44. Re1 Rg8 45. Kh2 Rh8+ 46. Kg2 Nh4+ 47. Kg3 Qc3+ 48. Qe3 Nf5+ 0-1


[Site "https://www.chess.com"]

[Event "Titled Tuesday Blitz July 25 Late 2023"]
[White "Duda, Jan-Krzysztof"]
[Black "Kollars, Dmitrij"]
[WhiteFideId "1170546"]
[BlackFideId "12909572"]
[WhiteElo "3036"]
[BlackElo "2998"]
[Result "1-0"]
[Round "6"]
[TimeControl "180+2"]
[Date "2023.07.25"]
[WhiteClock "0:00:51"]
[BlackClock "0:00:04"]
[Board "2"]

1. b3 e5 2. Bb2 Nc6 3. c4 Nge7 4. a3 d5 5. cxd5 Nxd5 6. e3 Be6 7. Qc2 Qd7 8. Nf3 f6 9. d3 g5 10. Be2 h5 11. b4 a6 12. Nbd2 g4 13. Nh4 Rg8 14. Ne4 O-O-O 15. O-O f5 16. Nc5 Bxc5 17. Qxc5 f4 18. Rfc1 Rdf8 19. e4 Nb6 20. a4 f3 21. b5 Nd4 22. Bxd4 exd4 23. Bd1 Kb8 24. a5 Qxb5 25. Qxc7+ Ka8 26. Qxb6 Qxd3 27. Qxe6 fxg2 28. Bb3 g3 29. hxg3 Rxg3 30. Bd5 Rh3 31. Rc8+ 1-0


[Site "https://www.chess.com"]

[Event "Titled Tuesday Blitz July 25 Late 2023"]
[White "Pranav, V"]
[Black "Maksimovic, Bojan"]
[WhiteFideId "25060783"]
[BlackFideId "14408120"]
[WhiteElo "3020"]
[BlackElo "2911"]
[Result "1-0"]
[Round "6"]
[TimeControl "180+2"]
[Date "2023.07.25"]
[WhiteClock "0:00:05"]
[BlackClock "0:00:03"]
[Board "3"]

1. e4 c5 2. Nf3 e6 3. d4 cxd4 4. Nxd4 a6 5. Nc3 b5 6. Bd3 Bb7 7. O-O Nc6 8. Nxc6 Bxc6 9. Re1 Qb8 10. e5 f5 11. Bg5 Bb4 12. Qh5+ g6 13. Qh4 Be7 14. Bxe7 Nxe7 15. a4 b4 16. Ne2 Nd5 17. Nd4 O-O 18. a5 Qd8 19. Qxd8 Rfxd8 20. g3 Rdc8 21. f4 Kf7 22. Kf2 Ke7 23. Ke2 Bb7 24. Kd2 h6 25. h4 Rg8 26. Nb3 Rac8 27. Rh1 Rg7 28. Rh2 Kf7 29. Nd4 Rcg8 30. Rf1 Ke7 31. Rff2 Rc8 32. Rf1 Rc5 33. Ra1 Rc8 34. Rf1 Rf8 35. Rff2 Rfg8 36. Rf1 Rc8 37. Ra1 Rc5 38. Nb3 Rc8 39. Nd4 Rf8 40. Ra4 g5 41. hxg5 hxg5 42. Ne2 gxf4 43. gxf4 Rfg8 44. c4 bxc3+ 45. bxc3 Rg2 46. Rh7+ Kd8 47. Rd4 Bc6 48. Bxa6 Nxc3 49. Kxc3 Kc7 50. Bd3 Rb8 51. Rh6 Ra8 52. a6 Rb8 53. Nc1 Rgb2 54. Bc4 Rb1 55. Nd3 Ra1 56. Rh7 Ra3+ 57. Kd2 Ra4 58. Nc5 Ra3 59. Nxd7 Rd8 60. Nc5+ Kb6 61. Rxd8 Kxc5 62. Bxe6 Be4 63. Rc7+ Kb6 64. Rc3 Ra2+ 65. Bxa2 Bc2 66. Kxc2 Ka7 67. Rb3 Kxa6 68. Rd7 Ka5 69. Ra7# 1-0


[Site "https://www.chess.com"]

[Event "Titled Tuesday Blitz July 25 Late 2023"]
[White "Carlsen, Magnus"]
[Black "Sjugirov, Sanan"]
[WhiteFideId "1503014"]
[BlackFideId "4189302"]
[WhiteElo "3257"]
[BlackElo "2946"]
[Result "1-0"]
[Round "6"]
[TimeControl "180+2"]
[Date "2023.07.25"]
[WhiteClock "0:01:16"]
[BlackClock "0:00:00"]
[Board "4"]

1. e4 e5 2. f4 exf4 3. Bc4 d6 4. d4 Qh4+ 5. Kf1 Be6 6. Nf3 Bxc4+ 7. Kg1 Qe7 8. Nc3 g5 9. h4 g4 10. Nh2 h5 11. Bxf4 Bg7 12. b3 Be6 13. Nf1 Nc6 14. Ne2 Bd7 15. Nfg3 O-O-O 16. Qd2 Nf6 17. Nc3 Nxe4 18. Ngxe4 Bxd4+ 19. Kf1 f5 20. Ng3 Qg7 21. Nge2 Be5 22. Re1 Rde8 23. Nd5 Ne7 24. Nxe7+ Rxe7 25. Bg5 Ree8 26. Kf2 1-0


[Site "https://www.chess.com"]

[Event "Titled Tuesday Blitz July 25 Late 2023"]
[White "Kramnik, Vladimir"]
[Black "Bluebaum, Matthias"]
[WhiteFideId "4101588"]
[BlackFideId "24651516"]
[WhiteElo "3004"]
[BlackElo "3044"]
[Result "0-1"]
[Round "6"]
[TimeControl "180+2"]
[Date "2023.07.25"]
[WhiteClock "0:00:00"]
[BlackClock "0:00:06"]
[Board "5"]

1. e4 e6 2. d4 d5 3. Nc3 Nf6 4. e5 Nfd7 5. f4 c5 6. Nf3 Nc6 7. Be3 a6 8. Ne2 Qb6 9. Qc1 Be7 10. c3 O-O 11. h4 f6 12. Rh3 Qa5 13. a3 Nxd4 14. Nexd4 cxd4 15. b4 Qc7 16. cxd4 Qxc1+ 17. Rxc1 Nb6 18. h5 f5 19. h6 g6 20. Rc7 Rf7 21. Bd2 Bd8 22. Rxf7 Kxf7 23. Ng5+ Bxg5 24. fxg5 Bd7 25. Rc3 Rc8 26. Rc5 Na4 27. Rxc8 Bxc8 28. b5 Nb6 29. bxa6 bxa6 30. Bb4 Nc4 31. Bd3 Bd7 32. g3 Ba4 33. Bc5 Ke8 34. g4 Kf7 35. gxf5 gxf5 36. Be2 Kg6 37. Be7 Bb5 38. Kf2 Nd2 39. Bd1 Ne4+ 40. Ke3 Nxg5 41. a4 Bc4 42. a5 Kxh6 43. Ba4 Kh5 44. Kf4 Nh3+ 45. Kg3 Bf1 46. Bd7 f4+ 47. Kf3 Ng5+ 48. Kxf4 Nh3+ 49. Kg3 Kg6 50. Bxe6 Ng5 51. Bxg5 Kxg5 52. Bxd5 Kf5 53. Bg2 Bb5 54. Kf2 Kf4 55. e6 Kf5 56. d5 Ke5 57. Kg3 Kd6 58. Kh4 Bc4 59. Kg5 Bd3 60. Kh6 Ke7 61. Bf3 Bf5 62. Be2 Be4 63. Bc4 Kd6 64. Kg5 Ke7 65. d6+ Kxd6 66. Kf6 Bc6 67. e7 h5 68. Bxa6 h4 69. Bb7 Be8 70. a6 Kc7 71. Bg2 Kb6 72. Bh3 Kxa6 73. Bd7 Bxd7 0-1


[Site "https://www.chess.com"]

[Event "Titled Tuesday Blitz July 25 Late 2023"]
[White "Sargsyan, Shant"]
[Black "Andreikin, Dmitry"]
[WhiteFideId "13306766"]
[BlackFideId "4158814"]
[WhiteElo "2992"]
[BlackElo "3029"]
[Result "0-1"]
[Round "6"]
[TimeControl "180+2"]
[Date "2023.07.25"]
[WhiteClock "0:00:05"]
[BlackClock "0:00:10"]
[Board "6"]

1. c4 c6 2. Nf3 d5 3. e3 Nf6 4. Nc3 a6 5. d4 b5 6. b3 Bg4 7. a4 b4 8. Ne2 a5 9. Ne5 Bh5 10. Qc2 Bg6 11. Nxg6 hxg6 12. cxd5 cxd5 13. Nf4 Nbd7 14. Bb5 Rc8 15. Qe2 e6 16. Nd3 Bd6 17. h4 Ne4 18. Bxd7+ Qxd7 19. Bb2 Qe7 20. h5 Qg5 21. g4 gxh5 22. gxh5 Qg2 23. Qf1 Qxf1+ 24. Kxf1 Nd2+ 25. Ke2 Nxb3 26. Rad1 Rc2+ 27. Ke1 Ke7 28. Rh3 Rh6 29. Rb1 g6 30. Nc5 Nd2 31. Kd1 Nxb1 32. Kxc2 Na3+ 33. Bxa3 bxa3 34. Nb3 Rxh5 35. Rf3 Bb4 36. Nc1 Rh1 37. Rg3 Rf1 38. Rg2 f5 39. f4 Kf6 40. Re2 g5 41. fxg5+ Kxg5 42. Rg2+ Kf6 43. Re2 f4 44. exf4 Rxf4 45. Nb3 Rf3 46. Nc1 Rc3+ 47. Kb1 Rc4 48. Nb3 Bc3 49. Rf2+ Ke7 50. Rc2 a2+ 51. Kxa2 Rxa4+ 52. Kb1 Bxd4 53. Rc7+ Kd6 54. Rb7 e5 55. Rb8 Rb4 56. Rxb4 axb4 57. Kc2 Bc3 58. Kd3 e4+ 59. Ke3 Ke5 60. Ke2 d4 0-1


[Site "https://www.chess.com"]

[Event "Titled Tuesday Blitz July 25 Late 2023"]
[White "Ashraf, Artin"]
[Black "Bortnyk, Olexandr"]
[WhiteFideId "22514805"]
[BlackFideId "14120828"]
[WhiteElo "2848"]
[BlackElo "3018"]
[Result "0-1"]
[Round "6"]
[TimeControl "180+2"]
[Date "2023.07.25"]
[WhiteClock "0:00:23"]
[BlackClock "0:02:32"]
[Board "7"]

1. c4 b6 2. Nc3 Bb7 3. e4 e5 4. Nf3 Nc6 5. a3 a5 6. d4 exd4 7. Nxd4 Nxd4 8. Qxd4 Qf6 9. Qxf6 Nxf6 10. f3 Bc5 11. Bf4 O-O-O 12. O-O-O Rhe8 13. Nd5 Nxd5 14. cxd5 h6 15. h4 f6 16. h5 Kb8 17. Bb5 Re7 18. d6 cxd6 19. Bxd6+ Bxd6 20. Rxd6 Re5 21. Bxd7 Kc7 22. Rhd1 Re7 0-1


[Site "https://www.chess.com"]

[Event "Titled Tuesday Blitz July 25 Late 2023"]
[White "Nakamura, Hikaru"]
[Black "Troff, Kayden"]
[WhiteFideId "2016192"]
[BlackFideId "2047896"]
[WhiteElo "3261"]
[BlackElo "2813"]
[Result "1-0"]
[Round "6"]
[TimeControl "180+2"]
[Date "2023.07.25"]
[WhiteClock "0:01:23"]
[BlackClock "0:00:12"]
[Board "8"]

1. a3 a5 2. e4 c5 3. Nf3 g6 4. d4 cxd4 5. Qxd4 Nf6 6. e5 Nc6 7. Qh4 Nd5 8. Bc4 Nc7 9. O-O b5 10. Ba2 Ne6 11. Nc3 b4 12. Nd5 h6 13. Be3 Rb8 14. axb4 Nxb4 15. Bb3 Nxd5 16. Bxd5 Rb4 17. c4 Bg7 18. Bd2 Qb6 19. Bxb4 Qxb4 20. Bxe6 dxe6 21. c5 Qxh4 22. Nxh4 Bxe5 23. Rxa5 Kd7 24. c6+ Kxc6 25. Rxe5 Kd6 26. Re3 e5 27. Rd1+ Ke6 28. f4 1-0


[Site "https://www.chess.com"]

[Event "Titled Tuesday Blitz July 25 Late 2023"]
[White "Khanin, Semen"]
[Black "Naroditsky, Daniel"]
[WhiteFideId "4111990"]
[BlackFideId "2026961"]
[WhiteElo "2810"]
[BlackElo "3141"]
[Result "0-1"]
[Round "6"]
[TimeControl "180+2"]
[Date "2023.07.25"]
[WhiteClock "0:00:00"]
[BlackClock "0:00:03"]
[Board "9"]

1. e4 Nf6 2. e5 Nd5 3. c4 Nb6 4. d4 d6 5. exd6 exd6 6. Nc3 Be7 7. Bd3 O-O 8. h3 Nc6 9. Nf3 Nb4 10. Bb1 g6 11. a3 Nc6 12. Bd3 Bf6 13. Be3 Ne7 14. O-O Nf5 15. Ne4 Bg7 16. Bg5 f6 17. Bd2 c6 18. b4 d5 19. cxd5 cxd5 20. Nc5 Nd6 21. Re1 Nbc4 22. Bf4 b6 23. Ne6 Bxe6 24. Rxe6 Qd7 25. Qe2 Rae8 26. Re1 Kf7 27. Bxd6 Rxe6 28. Qxe6+ Qxe6 29. Rxe6 Kxe6 30. Bxf8 Bxf8 31. b5 Bxa3 32. Kf1 Bb2 33. Ke2 Nd6 34. Ke3 Bc1+ 35. Ke2 Ne4 36. Ne1 Nc3+ 37. Kf3 f5 38. Nc2 Ne4 39. Nb4 Kd6 40. Ke2 Bb2 41. Ke3 Bc3 42. Nc2 g5 43. g3 h6 44. h4 f4+ 45. Kf3 fxg3 46. fxg3 Nf6 47. hxg5 hxg5 48. g4 Bd2 49. Bf5 Bf4 50. Ke2 Ne4 51. Kd3 Ng3 52. Nb4 Nxf5 53. gxf5 g4 54. Ke2 Bg5 55. Nd3 Ke7 56. Ne5 Kf6 57. Nc6 Kxf5 58. Nxa7 Ke4 59. Nc6 g3 60. Ne5 Be3 61. Ng4 g2 62. Nf6+ Kxd4 0-1


[Site "https://www.chess.com"]

[Event "Titled Tuesday Blitz July 25 Late 2023"]
[White "Erigaisi Arjun"]
[Black "Bauman_Guy"]
[WhiteFideId "35009192"]
[WhiteElo "3083"]
[BlackElo "2798"]
[Result "1-0"]
[Round "6"]
[TimeControl "180+2"]
[Date "2023.07.25"]
[WhiteClock "0:00:07"]
[BlackClock "0:00:01"]
[Board "10"]

1. c4 Nf6 2. Nc3 e5 3. Nf3 Nc6 4. e3 g6 5. d4 exd4 6. exd4 Bg7 7. d5 Ne7 8. d6 cxd6 9. Qxd6 O-O 10. Bd3 b6 11. Bg5 Nf5 12. Bxf5 Re8+ 13. Ne5 Qe7 14. Qxe7 Rxe7 15. f4 gxf5 16. Bxf6 Bxf6 17. Nd5 Re6 18. O-O-O Bxe5 19. fxe5 Rxe5 20. Rhe1 Rxe1 21. Rxe1 Bb7 22. Re5 Kg7 23. Kd2 Kg6 24. Ke3 d6 25. Re7 Bxd5 26. cxd5 Kf6 27. Rd7 Rc8 28. Rxd6+ Ke5 29. Rc6 f4+ 30. Kf3 Rd8 31. d6 h5 32. h4 Rg8 33. d7 Rg3+ 34. Ke2 Rxg2+ 35. Kd3 Rg1 36. Kc2 Rg2+ 37. Kc3 Rg3+ 38. Kc4 b5+ 39. Kxb5 Rd3 40. Rc7 Ke6 41. Rxa7 f3 42. Ra6+ Ke7 43. Ra4 Kxd7 44. Rf4 Ke6 45. a4 f5 46. Kc4 Rd2 47. Kc3 Rf2 48. a5 Ke5 49. Ra4 Rf1 50. Kd3 f4 51. Kd2 Rf2+ 52. Ke1 Rxb2 53. a6 Rb1+ 54. Kf2 Rb2+ 55. Kxf3 Rb3+ 56. Kf2 Rb2+ 57. Ke1 Rb1+ 58. Kd2 f3 59. Ke3 Rb3+ 60. Kf2 Rb8 61. a7 Ra8 62. Kxf3 Kd6 63. Kf4 Kc6 64. Kg5 Kb6 65. Kxh5 Kb7 66. Kg6 Rg8+ 67. Kf7 Rh8 68. a8=Q+ 1-0


[Site "https://www.chess.com"]